 Dungeon Crawl Stone Soup version 0.21.1-1-g345015f (webtiles) character file.

57439 Econoterrorist the Fencer (level 14, -1/124 HPs)
             Began as a Minotaur Fighter on July 20, 2018.
             Was the Champion of Okawaru.
             Slain by a jumping spider (8 damage)
             ... on level 1 of the Spider Nest.
             The game lasted 01:01:48 (19713 turns).

Econoterrorist the Fencer (Minotaur Fighter)       Turns: 19713, Time: 01:01:50

Health: -1/124     AC: 14    Str: 21    XL:     14   Next: 45%
Magic:  0/10       EV: 13    Int:  9    God:    Okawaru [******]
Gold:   1825       SH:  0    Dex: 18    Spells: 13/13 levels left

rFire    + . .     SeeInvis .   J - +6 great sword "Zinogu" {flame, +Rage rN+ MP-9 Dex+4}
rCold    + . .     Gourm    .   (shield currently unavailable)
rNeg     + . .     Faith    .   L - +2 ring mail {rPois}
rPois    +         Spirit   +   N - +1 hat
rElec    .         Reflect  .   H - scarf {Spirit}
rCorr    .         Harm     .   S - +0 pair of gloves {Dex+3}
MR       +....                  x - +1 pair of boots {run}
Stlth    +.........             E - amulet of regeneration
HPRegen  0.70/turn              Q - ring of protection from fire
MPRegen  0.12/turn              W - ring of protection from cold

@: very slightly contaminated, quick
A: retaliatory headbutt, horns 2
a: Heroism, Finesse, Renounce Religion, Evoke Berserk Rage


You were on level 1 of the Spider Nest.
You worshipped Okawaru.
Okawaru was exalted by your worship.
You were not hungry.

You visited 5 branches of the dungeon, and saw 20 of its levels.

You collected 2153 gold pieces.
You spent 328 gold pieces at shops.

Inventory:

Hand Weapons
 I - a +2 scimitar
 J - the +6 great sword "Zinogu" (weapon) {flame, +Rage rN+ MP-9 Dex+4}
   (Okawaru gifted it to you on level 2 of the Lair of Beasts)

   It has been specially enchanted to burn those struck by it, causing extra
   injury to most foes and up to half again as much damage against particularly
   susceptible opponents.
   Big, fiery blades are also staple armaments of hydra-hunters.
   It affects your dexterity (+4).
   It protects you from negative energy.
   It affects your magic capacity (-9).
   It lets you go berserk.
Missiles
 K - 5 throwing nets (quivered)
Armour
 c - a +1 shield
 v - the +0 cloak of the Heron {Regen+}
   (You found it on level 4 of the Dungeon)

   It increases your rate of regeneration.
 x - a +1 pair of boots of running (worn)
 H - a scarf of spirit shield (worn)
 L - a +2 ring mail of poison resistance (worn)
 N - a +1 hat (worn)
 O - a +3 chain mail of fire resistance
 S - a +0 pair of gloves of dexterity (worn)
Jewellery
 E - an amulet of regeneration (around neck)
 Q - a ring of protection from fire (left hand)
 W - a ring of protection from cold (right hand)
Wands
 n - a wand of clouds (7)
 p - a wand of iceblast (13)
 t - a wand of random effects (39)
 y - a wand of acid (20)
 A - a wand of flame (20)
 M - a wand of scattershot (5)
 P - a wand of paralysis (8)
 V - a wand of enslavement (11)
Scrolls
 a - 3 scrolls of fear {unknown}
 b - 6 scrolls of teleportation
 e - 10 scrolls of identify
 j - 3 scrolls of enchant weapon
 l - 5 scrolls of enchant armour
 m - a scroll of blinking
 o - 3 scrolls of magic mapping
 r - 8 scrolls of remove curse
 s - 2 scrolls of noise {unknown}
 u - 5 scrolls of fog
 w - 4 scrolls of amnesia
 z - 2 scrolls of immolation {unknown}
 C - a scroll of summoning {unknown}
 G - a scroll of brand weapon {unknown}
Potions
 d - 3 potions of might
 g - a potion of mutation
 h - 2 potions of agility
 i - 2 potions of haste
 k - 2 potions of magic
 q - a potion of heal wounds
 B - 2 potions of lignification
 D - 2 potions of cancellation
 F - 6 potions of curing
 U - a potion of berserk rage
Books
 T - a book of Frost

   Spells                             Type                      Level
   a - Freeze                         Ice                          1
   b - Throw Frost                    Conjuration/Ice              2
   c - Ozocubu's Armour               Charms/Ice                   3
   d - Throw Icicle                   Conjuration/Ice              4
   e - Summon Ice Beast               Ice/Summoning                4
Comestibles
 f - 52 rations


   Skills:
 + Level 11.5 Fighting
 - Level 20.0 Long Blades
 + Level 11.6 Armour
 + Level 3.1 Dodging
 - Level 11.5 Shields
 - Level 8.0 Invocations


You had 13 spell levels left.
You didn't know any spells.

Dungeon Overview and Level Annotations

Branches:
Dungeon (10/15)            Temple (1/1) D:7            Lair (6/6) D:10
 Shoals (0/4) Lair:2       Spider (1/4) Lair:3        Slime (0/5) Lair:6
    Orc (2/2) D:10            Elf (0/3) Orc:2

Altars:
Cheibriados
Dithmenos
Elyvilon
Fedhas
Gozag
Hepliaklqana
Makhleb
Nemelex Xobeh
Okawaru
Sif Muna
Trog
Uskayaw
Vehumet
Wu Jian
Xom
Zin
The Shining One
Jiyva

Shops:
D:5 ?   D:10 !   Orc:2 *%*}

Annotations:
Lair:6 exclusion: oklob plant


Innate Abilities, Weirdness & Mutations

You reflexively headbutt those who attack you in melee.
You have a pair of horns on your head.


Message History

Press: ? - help, Dir - move target cursor You are very lightly contaminated with residual magic.
As you read the scroll of blinking, it crumbles to dust.
The jumping spider rages.
The wolf spider rages. x2
The wolf spider rages.
The wolf spider hits you!!
* * * LOW HITPOINT WARNING * * *
The wolf spider bites you but does no damage.
The wolf spider hits you but does no damage.
The wolf spider bites you.
* * * LOW HITPOINT WARNING * * *
There is a crawl-hole back to the Lair here.
The wolf spider hits you but does no damage.
The wolf spider misses you. The jumping spider misses you.
You riposte.
The jumping spider hisses angrily.
You slice the jumping spider!! You burn the jumping spider.
You headbutt the jumping spider.
The jumping spider is almost dead.
The jumping spider bites you!
You die...

#....# #....##
###....####
##.........##
#...........##
####............##
###.....ssy........#
#..>......#....s.###
#.........#....s@#
...§..#.###..#.###
.$.#.#### ######
.s#### ... #...
..... s..... ..>..s§


You could see a wolf spider (berserk), a moth of wrath and 2 jumping spiders.

Vanquished Creatures
  Gastronok (Lair:3)
  4 entropy weavers (Lair:4)
  3 hydras
  Harold (Lair:2)
  2 ghost crabs (Lair:4)
  2 catoblepae (Lair:6)
  A two-headed ogre (D:10)
  A deep troll shaman (Lair:6)
  5 orc high priests (Orc:2)
  6 death yaks
  5 fire crabs (Lair:4)
  7 orc knights
  Pikel (D:5)
  An orc sorcerer (Orc:2)
  18 elephants
  3 black mambas
  An apocalypse crab (Lair:4)
  5 spiny frogs
  4 komodo dragons
  A queen bee (Lair:3)
  3 trolls
  A hornet (Lair:3)
  6 blink frogs
  7 hippogriffs
  A wraith (D:10)
  4 wyverns
  A tarantella (Spider:1)
  2 basilisks
  12 yaks
  A steam dragon (D:10)
  An acid dragon (D:10)
  A warg (Orc:2)
  2 soldier ants (D:10)
  10 water moccasins
  6 porcupines
  36 orc warriors
  3 ice beasts
  A black bear (Lair:6)
  13 ogres
  3 necrophages
  2 phantoms
  24 wolves
  3 centaurs
  11 crocodiles
  2 big kobolds
  18 bullfrogs
  A gnoll sergeant (D:9)
  5 scorpions
  35 killer bees
  4 wights (D:10)
  2 electric eels (D:10)
  3 howler monkeys (D:7)
  3 crimson imps (D:5)
  A centaur zombie (D:5)
  A jelly (D:5)
  28 orc priests
  2 bullfrog skeletons
  6 hounds
  13 orc wizards
  2 iguanas
  8 worker ants
  A killer bee zombie (D:6)
  A hound skeleton (D:8)
  A howler monkey zombie (D:5)
  7 gnolls
  3 river rats (Lair:2)
  8 adders
  3 shadow imps
  An adder zombie (D:6)
  2 oozes
  3 adder skeletons
  4 worms
  4 dart slugs
  5 leopard geckos
  83 orcs
  7 giant cockroaches
  9 goblins
  7 hobgoblins
  14 jackals
  6 quokkas
  A ball python (D:2)
  7 bats
  3 frilled lizards
  A jackal skeleton (D:5)
  13 kobolds
  A quokka skeleton (D:7)
  A quokka zombie (D:9)
  9 rats
  2 plants
567 creatures vanquished.

Vanquished Creatures (others)
  An ogre (D:5)
  9 fungi
  4 plants
14 creatures vanquished.

Grand Total: 581 creatures vanquished

Notes
Turn   | Place    | Note
-------+----------+-------------------------------------------
     0 | D:1      | Econoterrorist the Minotaur Fighter began the quest for the Orb.
     0 | D:1      | Reached XP level 1. HP: 19/19 MP: 0/0
    91 | D:1      | Reached skill level 3 in Long Blades
   143 | D:1      | Reached XP level 2. HP: 26/26 MP: 1/1
   289 | D:1      | Reached skill level 4 in Long Blades
   372 | D:1      | Reached XP level 3. HP: 28/31 MP: 2/2
   841 | D:2      | Found a blossoming altar of Fedhas.
   869 | D:2      | Reached skill level 5 in Long Blades
  1178 | D:2      | Found a snail-covered altar of Cheibriados.
  1218 | D:2      | Reached XP level 4. HP: 39/39 MP: 3/3
  1660 | D:3      | Found a bloodstained altar of Trog.
  1831 | D:3      | Reached skill level 6 in Long Blades
  1871 | D:3      | Reached XP level 5. HP: 12/45 MP: 4/4
  2787 | D:4      | Reached skill level 7 in Long Blades
  2971 | D:4      | Got a jewelled cloak
  2977 | D:4      | Identified the +0 cloak of the Heron {Regen+} (You found it on level 4 of the Dungeon)
  3157 | D:4      | Found a shimmering altar of Xom.
  3491 | D:5      | Entered Level 5 of the Dungeon
  3497 | D:5      | Reached XP level 6. HP: 51/51 MP: 5/5
  3519 | D:5      | Reached skill level 8 in Long Blades
  3568 | D:5      | Noticed a slave
  3569 | D:5      | Noticed a slave
  3570 | D:5      | Noticed Pikel
  3572 | D:5      | Noticed a slave
  3572 | D:5      | Noticed a slave
  3623 | D:5      | Killed Pikel
  3623 | D:5      | Reached XP level 7. HP: 38/60 MP: 6/6
  3695 | D:5      | Reached skill level 5 in Fighting
  3695 | D:5      | Reached skill level 5 in Armour
  3695 | D:5      | Reached skill level 5 in Shields
  3715 | D:5      | Found an opulent altar of Gozag.
  3766 | D:5      | Reached skill level 9 in Long Blades
  3814 | D:5      | Reached XP level 8. HP: 55/69 MP: 7/7
  3891 | D:5      | Found Qotzixaunk's Magic Scroll Boutique.
  3894 | D:5      | Bought a scroll of fog for 22 gold pieces
  4023 | D:5      | Found a white marble altar of Elyvilon.
  4362 | D:6      | Found an ornate altar of the Wu Jian Council.
  5137 | D:7      | Found a staircase to the Ecumenical Temple.
  5163 | Temple   | Entered the Ecumenical Temple
  5257 | Temple   | Became a worshipper of Warmaster Okawaru
  5834 | D:8      | Reached skill level 10 in Long Blades
  5861 | D:8      | Reached XP level 9. HP: 77/77 MP: 8/8
  5950 | D:8      | Reached * piety under Okawaru
  6312 | D:8      | Found a faded altar of an unknown god.
  6312 | D:8      | Found a hazy altar of Hepliaklqana.
  6317 | D:8      | Found a radiant altar of Vehumet.
  6319 | D:8      | Found a shadowy altar of Dithmenos.
  6320 | D:8      | Found a faded altar of an unknown god.
  6741 | D:8      | Reached ** piety under Okawaru
  7009 | D:9      | Reached skill level 11 in Long Blades
  7082 | D:9      | Reached XP level 10. HP: 80/89 MP: 9/9
  7571 | D:10     | Entered Level 10 of the Dungeon
  7571 | D:10     | Found a staircase to the Orcish Mines.
  7626 | D:10     | Reached *** piety under Okawaru
  8142 | D:10     | Noticed a two-headed ogre
  8152 | D:10     | Killed a two-headed ogre
  8207 | D:10     | Found Mipn's Distillery.
  8214 | D:10     | Bought a potion of heal wounds for 60 gold pieces
  8214 | D:10     | Bought a potion of curing for 36 gold pieces
  8214 | D:10     | Bought a potion of heal wounds for 60 gold pieces
  8214 | D:10     | Bought a potion of degeneration for 12 gold pieces
  8255 | D:10     | Reached **** piety under Okawaru
  8457 | D:10     | Reached skill level 12 in Long Blades
  8576 | D:10     | Reached skill level 10 in Armour
  8590 | D:10     | Reached skill level 10 in Fighting
  8590 | D:10     | Reached skill level 10 in Shields
  9007 | D:10     | Reached XP level 11. HP: 98/98 MP: 10/10
  9051 | D:10     | Found a staircase to the Lair.
  9085 | Lair:1   | Entered Level 1 of the Lair of Beasts
  9337 | Lair:1   | Reached ***** piety under Okawaru
 10051 | Lair:2   | Noticed Harold
 10096 | Lair:2   | Killed Harold
 10096 | Lair:2   | Received a gift from Okawaru
 10099 | Lair:2   | Got a scorched great sword {god gift}
 10105 | Lair:2   | Identified the +6 great sword "Zinogu" {flame, +Rage rN+ MP-9 Dex+4} (Okawaru gifted it to you on level 2 of the Lair of Beasts)
 10160 | Lair:2   | Reached skill level 13 in Long Blades
 10258 | Lair:2   | Found a staircase to the Shoals.
 10792 | Lair:3   | Reached skill level 14 in Long Blades
 10912 | Lair:3   | Received a gift from Okawaru
 10985 | Lair:3   | Reached XP level 12. HP: 107/109 MP: 2/11
 11227 | Lair:3   | Reached skill level 15 in Long Blades
 11369 | Lair:3   | Noticed a five-headed hydra
 11383 | Lair:3   | Killed a one-headed hydra
 11516 | Lair:3   | Noticed Gastronok
 11525 | Lair:3   | Killed Gastronok
 11525 | Lair:3   | Reached ****** piety under Okawaru
 11525 | Lair:3   | Reached skill level 16 in Long Blades
 11658 | Lair:3   | Received a gift from Okawaru
 11738 | Lair:3   | Found a hole to the Spider Nest.
 12158 | Lair:4   | Reached skill level 17 in Long Blades
 12654 | Lair:4   | Reached skill level 18 in Long Blades
 12731 | Lair:4   | Found a runed door.
 12961 | Lair:4   | Reached XP level 13. HP: 76/115 MP: 0/12
 13040 | Lair:4   | Noticed an entropy weaver
 13049 | Lair:4   | Killed an entropy weaver
 13317 | Lair:4   | Noticed an entropy weaver
 13329 | Lair:4   | Killed an entropy weaver
 13441 | Lair:4   | Noticed an entropy weaver
 13457 | Lair:4   | Killed an entropy weaver
 13457 | Lair:4   | Reached skill level 19 in Long Blades
 13667 | Lair:4   | Noticed an entropy weaver
 13681 | Lair:4   | Killed an entropy weaver
 13681 | Lair:4   | Received a gift from Okawaru
 13760 | Lair:4   | Received a gift from Okawaru
 13833 | Lair:4   | Identified a +1 pair of boots of running (You found it on level 4 of the Lair of Beasts)
 14834 | Lair:5   | You fall through a shaft!
 14834 | Lair:6   | Entered Level 6 of the Lair of Beasts
 15169 | Lair:5   | Reached skill level 20 in Long Blades
 15264 | Lair:6   | Reached skill level 1 in Invocations
 15444 | Lair:6   | Found a viscous altar of Jiyva.
 15445 | Lair:6   | Found a staircase to the Slime Pits.
 15683 | Lair:6   | Reached skill level 5 in Invocations
 16151 | Lair:6   | Reached XP level 14. HP: 103/124 MP: 5/17
 16595 | Orc:1    | Entered Level 1 of the Orcish Mines
 16750 | Orc:2    | Entered Level 2 of the Orcish Mines
 16954 | Orc:1    | Received a gift from Okawaru
 18065 | Orc:2    | Found a staircase to the Elven Halls.
 18155 | Orc:2    | Reached skill level 1 in Dodging
 19048 | Orc:2    | Found Ywanoran's General Store.
 19050 | Orc:2    | Found Qisaa's Food Shop.
 19054 | Orc:2    | Found Impasemoq's General Store.
 19055 | Orc:2    | Found Jamnul's Gadget Shop.
 19059 | Orc:2    | Bought a scroll of amnesia for 56 gold pieces
 19063 | Orc:2    | Bought a scroll of blinking for 82 gold pieces
 19303 | Spider:1 | Entered Level 1 of the Spider Nest
 19711 | Spider:1 | HP: 6/124 [wolf spider (4)]
 19713 | Spider:1 | Slain by a jumping spider

Skill      XL: |  1  2  3  4  5  6  7  8  9 10 11 12 13 14 |
---------------+-------------------------------------------+-----
Long Blades    | 3 4 5 6 7 8 9 10 11 12 14 18 20 | 20.0
Fighting       | 4 5 6 8 10 11 | 11.5
Armour         | 4 5 6 8 10 11 | 11.6
Shields        | 4 5 6 8 10 11 | 11.5
Invocations    | 6 8 |  8.0
Dodging        | 3 |  3.1

Action                   |  1- 3 |  4- 6 |  7- 9 | 10-12 | 13-15 || total
-------------------------+-------+-------+-------+-------+-------++-------
Melee: Long sword        |   177 |   155 |   329 |   257 |       ||   918
       Headbutt          |    17 |    22 |    58 |   171 |   135 ||   403
       Scimitar          |       |       |       |   221 |       ||   221
       Great sword       |       |       |       |   241 |   503 ||   744
  Use: Scroll            |     5 |       |       |     7 |     7 ||    19
       Potion            |     1 |       |       |     1 |     4 ||     6
 Stab: Petrifying        |       |       |       |       |     2 ||     2
       Petrified         |       |       |       |       |     2 ||     2
  Eat: Chunk             |     1 |    17 |     5 |    15 |     9 ||    47
       Ration            |       |       |       |     1 |     4 ||     5
Armor: Chain mail        |   104 |    92 |   123 |    52 |   100 ||   471
       Scale mail        |     2 |       |       |   105 |       ||   107
       Ring mail         |       |       |       |   162 |   109 ||   271
Dodge: Dodged            |    40 |    30 |    71 |   269 |   198 ||   608
Block: Shield            |    84 |    77 |   142 |   237 |       ||   540
       Rpst.: Long sword |    13 |     6 |    23 |    12 |       ||    54
       Scimitar          |       |       |       |    13 |       ||    13
       Great sword       |       |       |       |    48 |    43 ||    91
